Harfangs vs Inferno
Created - 18 décembre 2016 at 19:59
Goals
|
| Harfangs |
0 |
2 |
4 |
6 |
| Inferno |
0 |
5 |
3 |
8 |
|
Shots
|
| Harfangs |
7 |
7 |
20 |
34 |
| Inferno |
4 |
32 |
8 |
44 |
|
1st period
No Goal
Penalties :
Josh Harding (Anc) for Slashing (Minor) at 3:18 - Beau Bennett served the penalty, Kyle Palmieri (Anc) for Slashing (Minor) at 7:28, Alex Killorn (BEA) for Roughing (Minor) at 15:12
2nd period
1. Inferno , Cal O'Reilly 7 (Beau Bennett, Brendan Mikkelson) at 0:50
2. Inferno , Sami Vatanen 4 (Kyle Palmieri, David Ullstrom) at 3:04 (PP)
3. Harfangs , Petri Kontiola 2 (Alex Killorn) at 3:12
4. Inferno , Stephane Veilleux 12 (David Savard, Mikhail Grabovski) at 3:29
5. Harfangs , Dennis Everberg 9 (Brandon Pirri, Tomas Tatar) at 13:43
6. Inferno , Vladimir Sobotka 9 (Brendan Mikkelson, Cal O'Reilly) at 17:39
7. Inferno , Mikhail Grabovski 11 (Stephane Veilleux) at 18:05 (PP)
Penalties :
Andrew Orpik (BEA) for Tripping (Minor) at 2:30, Jean-Gabriel Pageau (BEA) for Hooking (Minor) at 4:18, Brian Lashoff (BEA) for Boarding (Minor) at 10:47, Alex Killorn (BEA) for Holding Stick (Minor) at 17:58
3rd period
8. Inferno , Kyle Palmieri 9 (David Ullstrom) at 8:54 (PP)
9. Harfangs , Petri Kontiola 3 (Michal Repik, Alex Killorn) at 10:22 (PP)
10. Harfangs , Tomas Tatar 14 (Brandon Pirri) at 13:10
11. Harfangs , Roman Wick 6 (Peter Olvecky, Jean-Gabriel Pageau) at 16:49 (PP)
12. Harfangs , Petri Kontiola 4 (Alex Killorn, Michal Repik) at 17:21
13. Inferno , Stephane Veilleux 13 (Jonathan Ferland, Mikhail Grabovski) at 19:10 (PP)
14. Inferno , David Ullstrom 5 (Colby Robak) at 19:42
Penalties :
Mikhail Grabovski (Anc) for Hooking (Minor) at 5:12, Jean-Gabriel Pageau (BEA) for Unsportsmanlike conduct (Minor) at 8:24, Matt Kassian (Anc) for Roughing (Minor) at 10:19, Kyle Palmieri (Anc) for High sticking (Minor) at 10:51, Mikhail Grabovski (Anc) for Slashing (Minor) at 13:17, Anders Lee (Anc) for Tripping (Minor) at 16:16, Brandon Pirri (BEA) for Interference (Minor) at 17:28
Goalie Stats
Jeremy Duchesne (BEA), 36 saves from 44 shots - (0,818), L, 7-3-0, 60:00 minutes
Josh Harding (Anc), 28 saves from 34 shots - (0,824), W, 11-4-4, 60:00 minutes
Players Stats for Harfangs
Player Name G A P +/- PIM S H SB GA TA FO MP PP MP PK MP
------------------------------------------------------------------------------------
Alex Killorn 0 3 3 0 4 3 2 2 3 0 5/14 23:10 5:46 4:18
Andrew Orpik 0 0 0 0 2 0 0 3 0 1 0/0 18:57 3:56 3:13
Angelo Esposito 0 0 0 0 0 0 0 0 0 0 0/0 0:19 0:05 0:00
Brandon Pirri 0 2 2 1 2 3 2 0 0 0 5/9 10:03 0:00 0:59
Brenden Kichton 0 0 0 0 0 0 0 0 0 0 0/0 0:00 0:00 0:00
Brian Lashoff 0 0 0 0 2 2 3 0 0 3 0/0 28:11 6:35 4:22
Calle Jarnkrok 0 0 0 0 0 1 0 0 0 0 4/7 8:04 0:00 0:00
Cam Fowler 0 0 0 0 0 1 3 2 0 0 0/0 29:26 6:35 5:37
Dennis Everberg 1 0 1 1 0 2 1 0 0 0 0/1 9:05 0:00 0:00
Dylan Olsen 0 0 0 0 0 0 1 0 0 0 0/0 9:24 0:00 1:15
Emerson Etem 0 0 0 0 0 0 0 1 1 0 0/0 8:04 0:00 0:00
Jean-Gabriel Pageau 0 1 1 -1 4 2 0 0 1 0 3/7 15:04 4:40 0:17
Joel Armia 0 0 0 0 0 0 0 0 0 0 0/2 1:25 0:05 1:06
Mark Alt 0 0 0 0 0 0 0 0 0 1 0/0 3:27 0:00 0:00
Michal Repik 0 2 2 0 0 1 0 0 0 0 1/2 18:52 5:46 0:00
Mike Hoffman 0 0 0 0 0 2 0 0 0 0 0/0 8:23 0:00 0:19
Nathan Beaulieu 0 0 0 0 0 0 1 1 0 1 0/0 18:58 3:56 3:13
Nick Holden 0 0 0 0 0 1 1 0 0 0 0/0 8:09 0:00 0:00
Peter Olvecky 0 1 1 -1 0 2 2 0 2 1 0/2 19:48 4:40 5:18
Petri Kontiola 3 0 3 0 0 6 1 0 0 0 15/32 21:27 5:46 2:16
Reid McNeill 0 0 0 0 0 0 0 1 0 0 0/0 3:27 0:00 0:00
Roman Cervenka 0 0 0 0 0 0 0 0 0 0 0/0 0:19 0:05 0:00
Roman Wick 1 0 1 -1 0 3 4 0 0 0 0/0 14:29 4:40 0:00
Sebastian Wannstrom 0 0 0 0 0 0 0 0 0 0 0/0 0:00 0:00 0:00
Tomas Tatar 1 1 2 1 0 5 1 0 0 0 0/0 12:32 0:00 3:07
Players Stats for Inferno
Player Name G A P +/- PIM S H SB GA TA FO MP PP MP PK MP
------------------------------------------------------------------------------------
Anders Lee 0 0 0 -1 2 1 1 1 0 0 3/9 11:14 3:20 2:26
Beau Bennett 0 1 1 0 0 2 0 0 0 0 0/0 10:21 0:09 0:00
Brendan Mikkelson 0 2 2 -1 0 0 0 1 0 1 0/0 16:51 0:31 6:55
Cal O'Reilly 1 1 2 0 0 2 0 0 0 0 6/8 10:07 0:00 0:00
Christian Folin 0 0 0 -1 0 2 0 0 1 0 0/0 5:19 0:00 0:00
Colby Robak 0 1 1 3 0 1 0 1 0 1 0/0 22:33 5:08 3:36
David Savard 0 1 1 2 0 1 2 0 0 0 0/0 20:54 3:42 3:36
David Ullstrom 1 2 3 2 0 6 1 0 0 0 0/0 18:25 3:20 3:28
Derek Peltier 0 0 0 -1 0 1 4 1 1 1 0/0 29:02 3:42 6:55
Evgeny Kuznetsov 0 0 0 -1 0 0 0 0 0 0 0/0 5:06 0:09 0:00
Jonathan Ferland 0 1 1 -1 0 3 2 0 0 1 2/4 18:58 5:21 0:00
Kyle Palmieri 1 1 2 2 4 3 2 0 0 1 0/0 14:58 3:20 0:00
Matt Kassian 0 0 0 0 2 0 4 1 0 1 0/0 11:58 0:09 1:40
Mikhail Grabovski 1 2 3 -1 4 3 3 1 1 0 20/35 21:44 5:21 2:06
Sami Vatanen 1 0 1 -2 0 8 0 2 1 0 0/0 22:16 4:37 0:00
Simon Danis-Pepin 0 0 0 -1 0 1 0 0 0 0 0/0 7:30 0:00 0:00
Stephane Veilleux 2 1 3 -1 0 8 2 0 2 1 2/4 24:58 5:21 5:39
Vladimir Sobotka 1 0 1 2 0 2 0 0 1 0 10/16 17:09 0:00 5:43
3 Stars
1 - Petri Kontiola (BEA)
2 - David Ullstrom (Anc)
3 - Stephane Veilleux (Anc)
Power Play
Harfangs - 2 on 7 Attempt(s) - 28,57%
Inferno - 4 on 7 Attempt(s) - 57,14%
Penalty Kill
Harfangs - 3 on 7 Attempt(s) - 42,86%
- Score 0 goal in Penalty Kill
Inferno - 5 on 7 Attempt(s) - 71,43%
- Score 0 goal in Penalty Kill
Team Stat
Harfangs - Hits : 22 - Faceoff Wins : 33 - Blocked Shots : 10 - Penalty Minutes : 14
Inferno - Hits : 21 - Faceoff Wins : 43 - Blocked Shots : 8 - Penalty Minutes : 12
Official
Referees : Walsh Ian and Devorski Paul
Linesman : Brian Murphy and Pierre Racicot
Game Notes
Petri Kontiola has scored a Hat Trick!
Finance
Level 1 -- Attendance: 1420 (71,00%) -- Ticket Income 49 700 $
Level 2 -- Attendance: 679 (67,90%) -- Ticket Income 10 185 $
Total Attendance: 2099 (69,97%)
Total Ticket Income: 59 885 $
Other Income: 2 994 $
Total Income: 62 879 $
Harfangs
5 vs 5 Forward
Center Left Wing Right Wing Time % Phy DF OF
1 Petri Kontiola Alex Killorn Michal Repik 40 1 2 2
2 Jean-Gabriel Pageau Peter Olvecky Roman Wick 30 1 2 2
3 Brandon Pirri Tomas Tatar Dennis Everberg 20 1 2 2
4 Calle Jarnkrok Mike Hoffman Emerson Etem 10 1 2 2
5 vs 5 Defense
Defense Defense Time % Phy DF OF
1 Cam Fowler Brian Lashoff 40 1 2 2
2 Andrew Orpik Nathan Beaulieu 30 1 2 2
3 Dylan Olsen Nick Holden 20 1 2 2
4 Mark Alt Reid McNeill 10 1 2 2
PowerPlay Forward
Center Left Wing Right Wing Time % Phy DF OF
1 Petri Kontiola Alex Killorn Michal Repik 60 1 2 2
2 Jean-Gabriel Pageau Peter Olvecky Roman Wick 40 1 2 2
PowerPlay Defense
Defense Defense Time % Phy DF OF
1 Cam Fowler Brian Lashoff 60 1 2 2
2 Andrew Orpik Nathan Beaulieu 40 1 2 2
Penalty Kill 4 Players Forward
Center Wing Time % Phy DF OF
1 Alex Killorn Peter Olvecky 60 1 2 2
2 Petri Kontiola Tomas Tatar 40 1 2 2
Penalty Kill 4 Players Defense
Defense Defense Time % Phy DF OF
1 Cam Fowler Brian Lashoff 60 1 2 2
2 Andrew Orpik Nathan Beaulieu 40 1 2 2
Penalty Kill - 3 Players Forward
Forward Time % Phy DF OF
1 Alex Killorn 60 1 2 2
2 Peter Olvecky 40 1 2 2
Penalty Kill - 3 Players Defense
Defense Defense Time % Phy DF OF
1 Cam Fowler Brian Lashoff 60 1 2 2
2 Andrew Orpik Nathan Beaulieu 40 1 2 2
4 vs 4 Forward
Center Wing Time % Phy DF OF
1 Alex Killorn Peter Olvecky 60 1 2 2
2 Petri Kontiola Tomas Tatar 40 1 2 2
4 vs 4 Defense
Defense Defense Time % Phy DF OF
1 Cam Fowler Brian Lashoff 60 1 2 2
2 Andrew Orpik Nathan Beaulieu 40 1 2 2
Last Minutes Offensive
Center Left Wing Right Wing Defense Defense
Petri Kontiola Alex Killorn Michal Repik Cam Fowler Brian Lashoff
Last Minutes Defensive
Center Left Wing Right Wing Defense Defense
Petri Kontiola Alex Killorn Michal Repik Cam Fowler Brian Lashoff
Goaltenders
Starting : Jeremy Duchesne
Backup : Darcy Kuemper
Extra Forwards
Normal : Roman Cervenka, Angelo Esposito, Joel Armia - PP : Roman Cervenka, Angelo Esposito - PK : Joel Armia
Extra Defensemen
Normal : Brenden Kichton, Dylan Olsen, Nick Holden - PP : Brenden Kichton - PK : Dylan Olsen, Nick Holden
Penalty Shots
Alex Killorn, Peter Olvecky, Petri Kontiola, Tomas Tatar, Jean-Gabriel Pageau
Inferno
5 vs 5 Forward
Center Left Wing Right Wing Time % Phy DF OF
1 Mikhail Grabovski Stephane Veilleux Jonathan Ferland 40 1 2 2
2 Vladimir Sobotka David Ullstrom Kyle Palmieri 30 1 2 2
3 Cal O'Reilly Matt Kassian Beau Bennett 20 1 2 2
4 Anders Lee Evgeny Kuznetsov Christian Folin 10 1 2 2
5 vs 5 Defense
Defense Defense Time % Phy DF OF
1 Sami Vatanen Derek Peltier 40 1 2 2
2 David Savard Colby Robak 30 1 2 2
3 Brendan Mikkelson Simon Danis-Pepin 20 1 2 2
4 David Savard Derek Peltier 10 1 2 2
PowerPlay Forward
Center Left Wing Right Wing Time % Phy DF OF
1 Mikhail Grabovski Stephane Veilleux Jonathan Ferland 60 1 1 3
2 Anders Lee David Ullstrom Kyle Palmieri 40 1 1 3
PowerPlay Defense
Defense Defense Time % Phy DF OF
1 Sami Vatanen Colby Robak 60 1 1 3
2 David Savard Derek Peltier 40 1 1 3
Penalty Kill 4 Players Forward
Center Wing Time % Phy DF OF
1 Vladimir Sobotka Stephane Veilleux 60 1 3 1
2 Mikhail Grabovski David Ullstrom 40 1 3 1
Penalty Kill 4 Players Defense
Defense Defense Time % Phy DF OF
1 Brendan Mikkelson Derek Peltier 60 1 3 1
2 David Savard Colby Robak 40 1 3 1
Penalty Kill - 3 Players Forward
Forward Time % Phy DF OF
1 Mikhail Grabovski 60 1 3 0
2 Vladimir Sobotka 40 1 4 0
Penalty Kill - 3 Players Defense
Defense Defense Time % Phy DF OF
1 Derek Peltier Simon Danis-Pepin 60 1 4 0
2 David Savard Colby Robak 40 1 4 0
4 vs 4 Forward
Center Wing Time % Phy DF OF
1 Mikhail Grabovski Stephane Veilleux 60 1 2 2
2 Vladimir Sobotka Jonathan Ferland 40 1 2 2
4 vs 4 Defense
Defense Defense Time % Phy DF OF
1 Sami Vatanen Derek Peltier 60 1 2 2
2 David Savard Colby Robak 40 1 2 2
Last Minutes Offensive
Center Left Wing Right Wing Defense Defense
Mikhail Grabovski Stephane Veilleux Jonathan Ferland Sami Vatanen Derek Peltier
Last Minutes Defensive
Center Left Wing Right Wing Defense Defense
Vladimir Sobotka Stephane Veilleux Jonathan Ferland Colby Robak Derek Peltier
Goaltenders
Starting : Josh Harding
Backup : Michael Hutchinson
Extra Forwards
Normal : Vladimir Sobotka, David Ullstrom, Kyle Palmieri - PP : Anders Lee, Evgeny Kuznetsov - PK : David Ullstrom
Extra Defensemen
Normal : Sami Vatanen, Colby Robak, David Savard - PP : David Savard - PK : Colby Robak, David Savard
Penalty Shots
Mikhail Grabovski, Jonathan Ferland, Anders Lee, Evgeny Kuznetsov, Vladimir Sobotka
% Time on Ice - Harfangs
Lines # - Real PCT - Wanted PCT - Time Play
Normal Forward
1 - 32% - 40% - 12:50
2 - 25% - 30% - 10:08
3 - 23% - 20% - 9:05
4 - 20% - 10% - 8:04
Normal Defense
1 - 42% - 40% - 16:42
2 - 29% - 30% - 11:49
3 - 20% - 20% - 8:09
4 - 9% - 10% - 3:27
PP Forward
1 - 56% - 60% - 5:51
2 - 44% - 40% - 4:40
PP Defense
1 - 63% - 60% - 6:35
2 - 37% - 40% - 3:56
PK Forward
1 - 74% - 60% - 6:34
2 - 26% - 40% - 2:16
PK Defense
1 - 64% - 60% - 5:37
2 - 36% - 40% - 3:13
PK3 Forward
1 - 0% - 60%
2 - 0% - 40%
PK3 Defense
1 - 0% - 60%
2 - 0% - 40%
44 Forward
1 - 0% - 60%
2 - 0% - 40%
44 Defense
1 - 0% - 60%
2 - 0% - 40%
Last Minute Offensive - 0:32
Last Minute Defensive - 0:00
Total
Forward - 60:00
Defense - 60:00
|
% Time on Ice - Inferno
Lines # - Real PCT - Wanted PCT - Time Play
Normal Forward
1 - 35% - 40% - 14:01
2 - 28% - 30% - 11:04
3 - 25% - 20% - 10:07
4 - 12% - 10% - 4:55
Normal Defense
1 - 45% - 40% - 18:07
2 - 33% - 30% - 13:11
3 - 19% - 20% - 7:30
4 - 3% - 10% - 1:19
PP Forward
1 - 62% - 60% - 5:30
2 - 38% - 40% - 3:20
PP Defense
1 - 58% - 60% - 5:08
2 - 42% - 40% - 3:42
PK Forward
1 - 71% - 60% - 7:25
2 - 29% - 40% - 3:06
PK Defense
1 - 66% - 60% - 6:55
2 - 34% - 40% - 3:36
PK3 Forward
1 - 0% - 60%
2 - 0% - 40%
PK3 Defense
1 - 0% - 60%
2 - 0% - 40%
44 Forward
1 - 0% - 60%
2 - 0% - 40%
44 Defense
1 - 0% - 60%
2 - 0% - 40%
Last Minute Offensive - 0:00
Last Minute Defensive - 0:32
Total
Forward - 60:00
Defense - 60:00
|
Play by Play
1st period
0:01 of 1st period - Petri Kontiola wins face-off versus Mikhail Grabovski in neutral zone.
0:08 of 1st period - Jonathan Ferland is hit by Petri Kontiola and loses puck.
0:33 of 1st period - Snap shot by Peter Olvecky.
0:33 of 1st period - Deflect By Roman Wick.
0:33 of 1st period - Stopped by Josh Harding without a rebound.
0:34 of 1st period - Cal O'Reilly wins face-off versus Jean-Gabriel Pageau in Inferno zone.
1:03 of 1st period - Snap shot by Peter Olvecky.
1:03 of 1st period - Shot Misses the Net.
1:21 of 1st period - Kyle Palmieri is hit by Dylan Olsen and loses puck.
1:48 of 1st period - Snap shot by Petri Kontiola.
1:48 of 1st period - Shot Misses the Net.
2:22 of 1st period - Christian Folin is hit by Nick Holden and loses puck.
2:47 of 1st period - Wrist shot by David Ullstrom.
2:47 of 1st period - Shot Misses the Net.
3:14 of 1st period - Slapshot by Tomas Tatar.
3:14 of 1st period - Shot Hit the Post.
3:18 of 1st period - Backhand shot by Tomas Tatar.
3:18 of 1st period - Deflect By Brandon Pirri.
3:18 of 1st period - Stopped by Josh Harding without a rebound.
3:18 of 1st period - Minor Penalty to Josh Harding for Slashing.
3:19 of 1st period - Vladimir Sobotka wins face-off versus Petri Kontiola in Inferno zone.
3:44 of 1st period - Brian Lashoff is hit by David Ullstrom and loses puck.
5:18 of 1st period - Penalty to Beau Bennett is over, Beau Bennett is back on ice.
5:28 of 1st period - Wrist shot by Christian Folin.
5:28 of 1st period - Stopped by Jeremy Duchesne without a rebound.
5:29 of 1st period - Calle Jarnkrok wins face-off versus Anders Lee in Harfangs zone.
5:33 of 1st period - Off-side.
5:34 of 1st period - Calle Jarnkrok wins face-off versus Mikhail Grabovski in neutral zone.
5:45 of 1st period - Wrist shot by Mike Hoffman.
5:45 of 1st period - Shot Misses the Net.
6:24 of 1st period - Snap shot by Petri Kontiola.
6:24 of 1st period - Stopped by Josh Harding with a rebound.
6:31 of 1st period - Off-side.
6:32 of 1st period - Mikhail Grabovski wins face-off versus Peter Olvecky in neutral zone.
6:37 of 1st period - Snap shot by Stephane Veilleux.
6:37 of 1st period - Stopped by Jeremy Duchesne without a rebound.
6:38 of 1st period - Mikhail Grabovski wins face-off versus Peter Olvecky in Harfangs zone.
6:39 of 1st period - Snap shot by Stephane Veilleux.
6:39 of 1st period - Stopped by Jeremy Duchesne with a rebound.
6:45 of 1st period - Wrist shot by Roman Wick.
6:45 of 1st period - Shot Blocked by Mikhail Grabovski.
6:47 of 1st period - Slapshot by Jean-Gabriel Pageau.
6:47 of 1st period - Stopped by Josh Harding without a rebound.
6:48 of 1st period - Mikhail Grabovski wins face-off versus Alex Killorn in Inferno zone.
6:57 of 1st period - Snap shot by Mikhail Grabovski.
6:57 of 1st period - Stopped by Jeremy Duchesne with a rebound.
7:28 of 1st period - Minor Penalty to Kyle Palmieri for Slashing.
7:29 of 1st period - Stephane Veilleux wins face-off versus Petri Kontiola in Inferno zone.
7:34 of 1st period - Cam Fowler is hit by Derek Peltier.
7:56 of 1st period - Nathan Beaulieu is hit by Derek Peltier and loses puck.
8:03 of 1st period - Derek Peltier is hit by Peter Olvecky and loses puck.
9:12 of 1st period - Matt Kassian is hit by Alex Killorn and loses puck.
9:28 of 1st period - Penalty to Kyle Palmieri is over, Kyle Palmieri is back on ice.
11:57 of 1st period - Icing by Sami Vatanen.
11:58 of 1st period - Anders Lee wins face-off versus Calle Jarnkrok in Inferno zone.
12:50 of 1st period - Brian Lashoff is hit by David Savard and loses puck.
13:01 of 1st period - Brian Lashoff is hit by Matt Kassian and loses puck.
14:26 of 1st period - Slapshot by Tomas Tatar.
14:26 of 1st period - Shot Misses the Net.
14:28 of 1st period - Snap shot by Nathan Beaulieu.
14:28 of 1st period - Shot Blocked by Sami Vatanen.
14:30 of 1st period - Wrist shot by Brandon Pirri.
14:30 of 1st period - Shot Misses the Net.
15:02 of 1st period - Wrist shot by Matt Kassian.
15:02 of 1st period - Shot Blocked by Reid McNeill.
15:07 of 1st period - Off-side.
15:08 of 1st period - Cal O'Reilly wins face-off versus Petri Kontiola in neutral zone.
15:12 of 1st period - Minor Penalty to Alex Killorn for Roughing.
15:13 of 1st period - Jonathan Ferland wins face-off versus Joel Armia in Harfangs zone.
15:13 of 1st period - Snap shot by Mikhail Grabovski.
15:13 of 1st period - Shot Misses the Net.
15:15 of 1st period - Snap shot by Mikhail Grabovski.
15:15 of 1st period - Shot Misses the Net.
15:17 of 1st period - Slapshot by Mikhail Grabovski.
15:17 of 1st period - Shot Misses the Net.
17:12 of 1st period - Penalty to Alex Killorn is over, Alex Killorn is back on ice.
17:28 of 1st period - Snap shot by Petri Kontiola.
17:28 of 1st period - Stopped by Josh Harding with a rebound.
17:44 of 1st period - Snap shot by Mike Hoffman.
17:44 of 1st period - Stopped by Josh Harding with a rebound.
18:31 of 1st period - Anders Lee is hit by Brian Lashoff and loses puck.
19:19 of 1st period - Slapshot by Mike Hoffman.
19:19 of 1st period - Shot Blocked by Colby Robak.
19:21 of 1st period - Wrist shot by Brian Lashoff.
19:21 of 1st period - Deflect By Mike Hoffman.
19:21 of 1st period - Stopped by Josh Harding without a rebound.
19:22 of 1st period - Calle Jarnkrok wins face-off versus Anders Lee in Inferno zone.
19:27 of 1st period - Wrist shot by Calle Jarnkrok.
19:27 of 1st period - Shot Blocked by Anders Lee.
19:48 of 1st period - Nick Holden is hit by Matt Kassian and loses puck.
Goals for this period are 0 for Harfangs vs 0 for Inferno.
Shots for this period are 7 for Harfangs vs 4 for Inferno.
2nd period
0:01 of 2nd period - Mikhail Grabovski wins face-off versus Petri Kontiola in neutral zone.
0:04 of 2nd period - Michal Repik is hit by Mikhail Grabovski and loses puck.
0:50 of 2nd period - Wrist shot by Cal O'Reilly.
0:50 of 2nd period - Goal by Cal O'Reilly - Harfangs : 0 - Inferno : 1.
0:51 of 2nd period - Petri Kontiola wins face-off versus Stephane Veilleux in neutral zone.
1:36 of 2nd period - Snap shot by Tomas Tatar.
1:36 of 2nd period - Shot Misses the Net.
1:38 of 2nd period - Snap shot by Dennis Everberg.
1:38 of 2nd period - Stopped by Josh Harding without a rebound.
1:39 of 2nd period - Cal O'Reilly wins face-off versus Brandon Pirri in Inferno zone.
2:27 of 2nd period - Snap shot by Beau Bennett.
2:27 of 2nd period - Stopped by Jeremy Duchesne without a rebound.
2:28 of 2nd period - Petri Kontiola wins face-off versus Mikhail Grabovski in Harfangs zone.
2:30 of 2nd period - Minor Penalty to Andrew Orpik for Tripping.
2:31 of 2nd period - Mikhail Grabovski wins face-off versus Alex Killorn in Harfangs zone.
2:48 of 2nd period - Off-side.
2:49 of 2nd period - Anders Lee wins face-off versus Alex Killorn in neutral zone.
3:02 of 2nd period - Snap shot by Kyle Palmieri.
3:02 of 2nd period - Shot Blocked by Alex Killorn.
3:04 of 2nd period - Slapshot by Sami Vatanen.
3:04 of 2nd period - Goal by Sami Vatanen - Harfangs : 0 - Inferno : 2.
3:05 of 2nd period - Petri Kontiola wins face-off versus Mikhail Grabovski in neutral zone.
3:10 of 2nd period - Snap shot by Alex Killorn.
3:10 of 2nd period - Shot Misses the Net.
3:12 of 2nd period - Snap shot by Petri Kontiola.
3:12 of 2nd period - Goal by Petri Kontiola - Harfangs : 1 - Inferno : 2.
3:13 of 2nd period - Mikhail Grabovski wins face-off versus Petri Kontiola in neutral zone.
3:23 of 2nd period - Off-side.
3:24 of 2nd period - Mikhail Grabovski wins face-off versus Alex Killorn in neutral zone.
3:27 of 2nd period - Snap shot by David Savard.
3:27 of 2nd period - Stopped by Jeremy Duchesne with a rebound.
3:29 of 2nd period - Wrist shot by Stephane Veilleux.
3:29 of 2nd period - Goal by Stephane Veilleux - Harfangs : 1 - Inferno : 3.
3:30 of 2nd period - Mikhail Grabovski wins face-off versus Petri Kontiola in neutral zone.
4:02 of 2nd period - Brian Lashoff is hit by David Savard and loses puck.
4:18 of 2nd period - Minor Penalty to Jean-Gabriel Pageau for Hooking.
4:19 of 2nd period - Mikhail Grabovski wins face-off versus Alex Killorn in Harfangs zone.
4:27 of 2nd period - Slapshot by Stephane Veilleux.
4:27 of 2nd period - Shot Blocked by Alex Killorn.
4:29 of 2nd period - Slapshot by Jonathan Ferland.
4:29 of 2nd period - Stopped by Jeremy Duchesne with a rebound.
4:31 of 2nd period - Wrist shot by Jonathan Ferland.
4:31 of 2nd period - Shot Misses the Net.
4:33 of 2nd period - Slapshot by Sami Vatanen.
4:33 of 2nd period - Stopped by Jeremy Duchesne without a rebound.
4:34 of 2nd period - Mikhail Grabovski wins face-off versus Alex Killorn in Harfangs zone.
4:35 of 2nd period - Wrist shot by Stephane Veilleux.
4:35 of 2nd period - Stopped by Jeremy Duchesne without a rebound.
4:36 of 2nd period - Alex Killorn wins face-off versus Stephane Veilleux in Harfangs zone.
5:15 of 2nd period - Cam Fowler is hit by Derek Peltier and loses puck.
5:26 of 2nd period - Jonathan Ferland is hit by Alex Killorn and loses puck.
6:18 of 2nd period - Penalty to Jean-Gabriel Pageau is over, Jean-Gabriel Pageau is back on ice.
6:36 of 2nd period - Off-side.
6:37 of 2nd period - Calle Jarnkrok wins face-off versus Anders Lee in neutral zone.
7:19 of 2nd period - Stephane Veilleux is hit by Roman Wick.
7:55 of 2nd period - Wrist shot by Beau Bennett.
7:55 of 2nd period - Shot Misses the Net.
8:09 of 2nd period - Snap shot by Christian Folin.
8:09 of 2nd period - Deflect By Anders Lee.
8:09 of 2nd period - Stopped by Jeremy Duchesne without a rebound.
8:10 of 2nd period - Anders Lee wins face-off versus Calle Jarnkrok in Harfangs zone.
8:19 of 2nd period - Wrist shot by Christian Folin.
8:19 of 2nd period - Shot Misses the Net.
8:21 of 2nd period - Snap shot by Sami Vatanen.
8:21 of 2nd period - Shot Blocked by Emerson Etem.
8:23 of 2nd period - Slapshot by Sami Vatanen.
8:23 of 2nd period - Stopped by Jeremy Duchesne with a rebound.
8:25 of 2nd period - Snap shot by Sami Vatanen.
8:25 of 2nd period - Stopped by Jeremy Duchesne with a rebound.
8:40 of 2nd period - Snap shot by Mikhail Grabovski.
8:40 of 2nd period - Deflect By Stephane Veilleux.
8:40 of 2nd period - Stopped by Jeremy Duchesne with a rebound.
8:42 of 2nd period - Slapshot by Jonathan Ferland.
8:42 of 2nd period - Shot Misses the Net.
8:44 of 2nd period - Slapshot by Sami Vatanen.
8:44 of 2nd period - Deflect By Brian Lashoff.
8:44 of 2nd period - Stopped by Jeremy Duchesne with a rebound.
8:56 of 2nd period - Snap shot by David Ullstrom.
8:56 of 2nd period - Stopped by Jeremy Duchesne without a rebound.
8:57 of 2nd period - Vladimir Sobotka wins face-off versus Jean-Gabriel Pageau in Harfangs zone.
9:12 of 2nd period - Snap shot by Kyle Palmieri.
9:12 of 2nd period - Shot Misses the Net.
9:14 of 2nd period - Slapshot by Colby Robak.
9:14 of 2nd period - Deflect By Roman Wick.
9:14 of 2nd period - Stopped by Jeremy Duchesne with a rebound.
9:16 of 2nd period - Wrist shot by David Ullstrom.
9:16 of 2nd period - Stopped by Jeremy Duchesne without a rebound.
9:17 of 2nd period - Petri Kontiola wins face-off versus Mikhail Grabovski in Harfangs zone.
9:44 of 2nd period - Sami Vatanen is hit by Brian Lashoff and loses puck.
9:53 of 2nd period - Wrist shot by Jean-Gabriel Pageau.
9:53 of 2nd period - Shot Misses the Net.
10:16 of 2nd period - Snap shot by Vladimir Sobotka.
10:16 of 2nd period - Stopped by Jeremy Duchesne with a rebound.
10:18 of 2nd period - Snap shot by David Ullstrom.
10:18 of 2nd period - Stopped by Jeremy Duchesne with a rebound.
10:22 of 2nd period - Snap shot by David Ullstrom.
10:22 of 2nd period - Stopped by Jeremy Duchesne with a rebound.
10:24 of 2nd period - Slapshot by Kyle Palmieri.
10:24 of 2nd period - Shot Blocked by Andrew Orpik.
10:26 of 2nd period - Slapshot by Sami Vatanen.
10:26 of 2nd period - Stopped by Jeremy Duchesne with a rebound.
10:28 of 2nd period - Backhand shot by Vladimir Sobotka.
10:28 of 2nd period - Shot Misses the Net.
10:32 of 2nd period - Snap shot by Kyle Palmieri.
10:32 of 2nd period - Shot Misses the Net.
10:34 of 2nd period - Snap shot by David Ullstrom.
10:34 of 2nd period - Shot Misses the Net.
10:36 of 2nd period - Wrist shot by David Ullstrom.
10:36 of 2nd period - Shot Blocked by Andrew Orpik.
10:38 of 2nd period - Snap shot by Vladimir Sobotka.
10:38 of 2nd period - Shot Blocked by Nathan Beaulieu.
10:40 of 2nd period - Slapshot by Kyle Palmieri.
10:40 of 2nd period - Stopped by Jeremy Duchesne with a rebound.
10:42 of 2nd period - Slapshot by Derek Peltier.
10:42 of 2nd period - Shot Misses the Net.
10:44 of 2nd period - Slapshot by Sami Vatanen.
10:44 of 2nd period - Deflect By Mike Hoffman.
10:44 of 2nd period - Stopped by Jeremy Duchesne without a rebound.
10:45 of 2nd period - Petri Kontiola wins face-off versus Mikhail Grabovski in Harfangs zone.
10:47 of 2nd period - Minor Penalty to Brian Lashoff for Boarding.
10:48 of 2nd period - Alex Killorn wins face-off versus Mikhail Grabovski in Harfangs zone.
10:58 of 2nd period - Dylan Olsen is hit by Stephane Veilleux and loses puck.
11:20 of 2nd period - Icing by Derek Peltier.
11:21 of 2nd period - Petri Kontiola wins face-off versus Anders Lee in Inferno zone.
11:24 of 2nd period - Wrist shot by Tomas Tatar.
11:24 of 2nd period - Stopped by Josh Harding without a rebound.
11:25 of 2nd period - Mikhail Grabovski wins face-off versus Petri Kontiola in Inferno zone.
11:50 of 2nd period - Cam Fowler is hit by Jonathan Ferland and loses puck.
11:55 of 2nd period - Snap shot by Stephane Veilleux.
11:55 of 2nd period - Shot Misses the Net.
12:09 of 2nd period - Snap shot by Jonathan Ferland.
12:09 of 2nd period - Shot Blocked by Cam Fowler.
12:11 of 2nd period - Wrist shot by Mikhail Grabovski.
12:11 of 2nd period - Stopped by Jeremy Duchesne with a rebound.
12:13 of 2nd period - Wrist shot by Jonathan Ferland.
12:13 of 2nd period - Stopped by Jeremy Duchesne without a rebound.
12:14 of 2nd period - Petri Kontiola wins face-off versus Anders Lee in Harfangs zone.
12:14 of 2nd period - Petri Kontiola is hit by Anders Lee.
12:20 of 2nd period - Snap shot by Andrew Orpik.
12:20 of 2nd period - Deflect By Petri Kontiola.
12:20 of 2nd period - Stopped by Josh Harding with a rebound.
12:47 of 2nd period - Penalty to Brian Lashoff is over, Brian Lashoff is back on ice.
13:01 of 2nd period - Slapshot by David Ullstrom.
13:01 of 2nd period - Stopped by Jeremy Duchesne without a rebound.
13:02 of 2nd period - Mikhail Grabovski wins face-off versus Brandon Pirri in Harfangs zone.
13:03 of 2nd period - Snap shot by Stephane Veilleux.
13:03 of 2nd period - Stopped by Jeremy Duchesne with a rebound.
13:05 of 2nd period - Slapshot by Simon Danis-Pepin.
13:05 of 2nd period - Stopped by Jeremy Duchesne with a rebound.
13:07 of 2nd period - Slapshot by Simon Danis-Pepin.
13:07 of 2nd period - Deflect By Jonathan Ferland.
13:07 of 2nd period - Shot Misses the Net.
13:07 of 2nd period - Puck is out of play.
13:08 of 2nd period - Brandon Pirri wins face-off versus Jonathan Ferland in Harfangs zone.
13:39 of 2nd period - Wrist shot by Brandon Pirri.
13:39 of 2nd period - Stopped by Josh Harding with a rebound.
13:41 of 2nd period - Wrist shot by Brandon Pirri.
13:41 of 2nd period - Shot Blocked by Matt Kassian.
13:43 of 2nd period - Slapshot by Dennis Everberg.
13:43 of 2nd period - Goal by Dennis Everberg - Harfangs : 2 - Inferno : 3.
13:44 of 2nd period - Mikhail Grabovski wins face-off versus Petri Kontiola in neutral zone.
14:10 of 2nd period - Alex Killorn is hit by Matt Kassian and loses puck.
14:41 of 2nd period - Wrist shot by Christian Folin.
14:41 of 2nd period - Stopped by Jeremy Duchesne without a rebound.
14:42 of 2nd period - Mikhail Grabovski wins face-off versus Jean-Gabriel Pageau in Harfangs zone.
14:43 of 2nd period - Snap shot by Stephane Veilleux.
14:43 of 2nd period - Stopped by Jeremy Duchesne without a rebound.
14:44 of 2nd period - Jean-Gabriel Pageau wins face-off versus Mikhail Grabovski in Harfangs zone.
15:09 of 2nd period - David Ullstrom is hit by Dennis Everberg and loses puck.
16:48 of 2nd period - Icing by Derek Peltier.
16:49 of 2nd period - Vladimir Sobotka wins face-off versus Calle Jarnkrok in Inferno zone.
17:39 of 2nd period - Wrist shot by Vladimir Sobotka.
17:39 of 2nd period - Goal by Vladimir Sobotka - Harfangs : 2 - Inferno : 4.
17:40 of 2nd period - Mikhail Grabovski wins face-off versus Petri Kontiola in neutral zone.
17:58 of 2nd period - Minor Penalty to Alex Killorn for Holding Stick.
17:59 of 2nd period - Mikhail Grabovski wins face-off versus Joel Armia in Harfangs zone.
18:05 of 2nd period - Snap shot by Mikhail Grabovski.
18:05 of 2nd period - Goal by Mikhail Grabovski - Harfangs : 2 - Inferno : 5.
18:06 of 2nd period - Petri Kontiola wins face-off versus Mikhail Grabovski in neutral zone.
18:09 of 2nd period - Slapshot by Brian Lashoff.
18:09 of 2nd period - Stopped by Josh Harding without a rebound.
18:10 of 2nd period - Petri Kontiola wins face-off versus Jonathan Ferland in Inferno zone.
18:13 of 2nd period - Snap shot by Michal Repik.
18:13 of 2nd period - Shot Misses the Net.
19:41 of 2nd period - Wrist shot by Cal O'Reilly.
19:41 of 2nd period - Stopped by Jeremy Duchesne without a rebound.
19:42 of 2nd period - Mikhail Grabovski wins face-off versus Petri Kontiola in Harfangs zone.
Goals for this period are 2 for Harfangs vs 5 for Inferno.
Shots for this period are 7 for Harfangs vs 32 for Inferno.
3rd period
0:01 of 3rd period - Mikhail Grabovski wins face-off versus Michal Repik in neutral zone.
0:01 of 3rd period - Mikhail Grabovski is hit by Cam Fowler.
0:26 of 3rd period - Roman Wick is hit by Kyle Palmieri and loses puck.
0:54 of 3rd period - Wrist shot by Mike Hoffman.
0:54 of 3rd period - Shot Misses the Net.
1:24 of 3rd period - Snap shot by Mikhail Grabovski.
1:24 of 3rd period - Deflect By Jonathan Ferland.
1:24 of 3rd period - Stopped by Jeremy Duchesne with a rebound.
1:26 of 3rd period - Snap shot by Mikhail Grabovski.
1:26 of 3rd period - Shot Blocked by Andrew Orpik.
1:38 of 3rd period - Sami Vatanen is hit by Tomas Tatar and loses puck.
1:43 of 3rd period - Snap shot by Brandon Pirri.
1:43 of 3rd period - Shot Misses the Net.
1:45 of 3rd period - Wrist shot by Brandon Pirri.
1:45 of 3rd period - Stopped by Josh Harding with a rebound.
1:47 of 3rd period - Wrist shot by Nathan Beaulieu.
1:47 of 3rd period - Shot Blocked by Sami Vatanen.
2:06 of 3rd period - Icing by Nick Holden.
2:07 of 3rd period - Jean-Gabriel Pageau wins face-off versus Mikhail Grabovski in Harfangs zone.
2:20 of 3rd period - Wrist shot by Roman Wick.
2:20 of 3rd period - Shot Misses the Net.
2:22 of 3rd period - Snap shot by Roman Wick.
2:22 of 3rd period - Stopped by Josh Harding with a rebound.
2:24 of 3rd period - Snap shot by Nick Holden.
2:24 of 3rd period - Stopped by Josh Harding without a rebound.
2:25 of 3rd period - Vladimir Sobotka wins face-off versus Alex Killorn in Inferno zone.
2:30 of 3rd period - Slapshot by Sami Vatanen.
2:30 of 3rd period - Shot Hit the Post.
2:42 of 3rd period - Kyle Palmieri is hit by Cam Fowler and loses puck.
3:01 of 3rd period - Slapshot by Peter Olvecky.
3:01 of 3rd period - Stopped by Josh Harding without a rebound.
3:02 of 3rd period - Mikhail Grabovski wins face-off versus Jean-Gabriel Pageau in Inferno zone.
3:07 of 3rd period - Backhand shot by Jean-Gabriel Pageau.
3:07 of 3rd period - Stopped by Josh Harding with a rebound.
3:27 of 3rd period - David Savard is hit by Nathan Beaulieu and loses puck.
3:52 of 3rd period - Matt Kassian is hit by Brandon Pirri and loses puck.
4:19 of 3rd period - Mikhail Grabovski is hit by Roman Wick and loses puck.
5:02 of 3rd period - Snap shot by Kyle Palmieri.
5:02 of 3rd period - Stopped by Jeremy Duchesne without a rebound.
5:03 of 3rd period - Alex Killorn wins face-off versus Mikhail Grabovski in Harfangs zone.
5:03 of 3rd period - Alex Killorn is hit by Jonathan Ferland.
5:12 of 3rd period - Minor Penalty to Mikhail Grabovski for Hooking.
5:13 of 3rd period - Vladimir Sobotka wins face-off versus Petri Kontiola in Inferno zone.
5:43 of 3rd period - Slapshot by Cam Fowler.
5:43 of 3rd period - Deflect By Peter Olvecky.
5:43 of 3rd period - Stopped by Josh Harding without a rebound.
5:44 of 3rd period - Petri Kontiola wins face-off versus Vladimir Sobotka in Inferno zone.
7:12 of 3rd period - Penalty to Mikhail Grabovski is over, Mikhail Grabovski is back on ice.
7:18 of 3rd period - Colby Robak is hit by Brandon Pirri and loses puck.
7:25 of 3rd period - Slapshot by Tomas Tatar.
7:25 of 3rd period - Stopped by Josh Harding without a rebound.
7:26 of 3rd period - Brandon Pirri wins face-off versus Mikhail Grabovski in Inferno zone.
7:40 of 3rd period - Off-side.
7:41 of 3rd period - Petri Kontiola wins face-off versus Vladimir Sobotka in neutral zone.
8:06 of 3rd period - Colby Robak is hit by Roman Wick and loses puck.
8:11 of 3rd period - Wrist shot by Peter Olvecky.
8:11 of 3rd period - Shot Misses the Net.
8:24 of 3rd period - Minor Penalty to Jean-Gabriel Pageau for Unsportsmanlike conduct.
8:25 of 3rd period - Alex Killorn wins face-off versus Mikhail Grabovski in Harfangs zone.
8:49 of 3rd period - Alex Killorn is hit by Kyle Palmieri and loses puck.
8:54 of 3rd period - Snap shot by Kyle Palmieri.
8:54 of 3rd period - Goal by Kyle Palmieri - Harfangs : 2 - Inferno : 6.
8:55 of 3rd period - Jonathan Ferland wins face-off versus Alex Killorn in neutral zone.
9:28 of 3rd period - Off-side.
9:29 of 3rd period - Jean-Gabriel Pageau wins face-off versus Vladimir Sobotka in neutral zone.
10:13 of 3rd period - Andrew Orpik is hit by Derek Peltier and loses puck.
10:19 of 3rd period - Minor Penalty to Matt Kassian for Roughing.
10:20 of 3rd period - Alex Killorn wins face-off versus Vladimir Sobotka in Inferno zone.
10:20 of 3rd period - Backhand shot by Michal Repik.
10:20 of 3rd period - Stopped by Josh Harding with a rebound.
10:22 of 3rd period - Wrist shot by Petri Kontiola.
10:22 of 3rd period - Goal by Petri Kontiola - Harfangs : 3 - Inferno : 6.
10:23 of 3rd period - Petri Kontiola wins face-off versus Mikhail Grabovski in neutral zone.
10:28 of 3rd period - Snap shot by Cam Fowler.
10:28 of 3rd period - Stopped by Josh Harding with a rebound.
10:51 of 3rd period - Minor Penalty to Kyle Palmieri for High sticking.
10:52 of 3rd period - Vladimir Sobotka wins face-off versus Petri Kontiola in Inferno zone.
11:17 of 3rd period - Vladimir Sobotka is hit by Roman Wick.
12:01 of 3rd period - Roman Wick is hit by Stephane Veilleux and loses puck.
12:30 of 3rd period - Roman Wick is hit by Matt Kassian and loses puck.
12:51 of 3rd period - Penalty to Kyle Palmieri is over, Kyle Palmieri is back on ice.
12:55 of 3rd period - Mikhail Grabovski is hit by Brian Lashoff.
13:01 of 3rd period - Cam Fowler is hit by Mikhail Grabovski.
13:08 of 3rd period - Icing by Sami Vatanen.
13:09 of 3rd period - Brandon Pirri wins face-off versus Anders Lee in Inferno zone.
13:10 of 3rd period - Wrist shot by Tomas Tatar.
13:10 of 3rd period - Goal by Tomas Tatar - Harfangs : 4 - Inferno : 6.
13:11 of 3rd period - Michal Repik wins face-off versus Mikhail Grabovski in neutral zone.
13:17 of 3rd period - Minor Penalty to Mikhail Grabovski for Slashing.
13:18 of 3rd period - Vladimir Sobotka wins face-off versus Petri Kontiola in Inferno zone.
13:30 of 3rd period - Slapshot by Petri Kontiola.
13:30 of 3rd period - Deflect By Michal Repik.
13:30 of 3rd period - Shot Misses the Net.
13:30 of 3rd period - Puck is out of play.
13:31 of 3rd period - Vladimir Sobotka wins face-off versus Petri Kontiola in Inferno zone.
13:42 of 3rd period - Wrist shot by Alex Killorn.
13:42 of 3rd period - Stopped by Josh Harding with a rebound.
13:44 of 3rd period - Backhand shot by Michal Repik.
13:44 of 3rd period - Shot Misses the Net.
13:46 of 3rd period - Slapshot by Brian Lashoff.
13:46 of 3rd period - Deflect By Vladimir Sobotka.
13:46 of 3rd period - Stopped by Josh Harding with a rebound.
14:43 of 3rd period - David Savard is hit by Cam Fowler and loses puck.
15:17 of 3rd period - Penalty to Mikhail Grabovski is over, Mikhail Grabovski is back on ice.
15:31 of 3rd period - Wrist shot by Emerson Etem.
15:31 of 3rd period - Shot Blocked by Brendan Mikkelson.
15:37 of 3rd period - Wrist shot by Calle Jarnkrok.
15:37 of 3rd period - Stopped by Josh Harding without a rebound.
15:38 of 3rd period - Brandon Pirri wins face-off versus Cal O'Reilly in Inferno zone.
15:51 of 3rd period - Snap shot by Tomas Tatar.
15:51 of 3rd period - Stopped by Josh Harding with a rebound.
15:53 of 3rd period - Backhand shot by Tomas Tatar.
15:53 of 3rd period - Stopped by Josh Harding with a rebound.
16:03 of 3rd period - David Ullstrom is hit by Peter Olvecky and loses puck.
16:16 of 3rd period - Minor Penalty to Anders Lee for Tripping.
16:17 of 3rd period - Petri Kontiola wins face-off versus Vladimir Sobotka in Inferno zone.
16:18 of 3rd period - Wrist shot by Alex Killorn.
16:18 of 3rd period - Stopped by Josh Harding without a rebound.
16:19 of 3rd period - Vladimir Sobotka wins face-off versus Petri Kontiola in Inferno zone.
16:47 of 3rd period - Slapshot by Peter Olvecky.
16:47 of 3rd period - Shot Blocked by Derek Peltier.
16:49 of 3rd period - Wrist shot by Roman Wick.
16:49 of 3rd period - Goal by Roman Wick - Harfangs : 5 - Inferno : 6.
16:50 of 3rd period - Cal O'Reilly wins face-off versus Brandon Pirri in neutral zone.
17:01 of 3rd period - Snap shot by Beau Bennett.
17:01 of 3rd period - Shot Misses the Net.
17:03 of 3rd period - Slapshot by Sami Vatanen.
17:03 of 3rd period - Stopped by Jeremy Duchesne with a rebound.
17:05 of 3rd period - Slapshot by Beau Bennett.
17:05 of 3rd period - Stopped by Jeremy Duchesne without a rebound.
17:06 of 3rd period - Mikhail Grabovski wins face-off versus Petri Kontiola in Harfangs zone.
17:19 of 3rd period - Snap shot by Alex Killorn.
17:19 of 3rd period - Stopped by Josh Harding with a rebound.
17:21 of 3rd period - Snap shot by Petri Kontiola.
17:21 of 3rd period - Goal by Petri Kontiola - Harfangs : 6 - Inferno : 6.
17:22 of 3rd period - Brandon Pirri wins face-off versus Cal O'Reilly in neutral zone.
17:28 of 3rd period - Minor Penalty to Brandon Pirri for Interference.
17:29 of 3rd period - Stephane Veilleux wins face-off versus Alex Killorn in Harfangs zone.
18:27 of 3rd period - Alex Killorn is hit by Mikhail Grabovski.
19:08 of 3rd period - Snap shot by Jonathan Ferland.
19:08 of 3rd period - Shot Blocked by Cam Fowler.
19:10 of 3rd period - Wrist shot by Stephane Veilleux.
19:10 of 3rd period - Goal by Stephane Veilleux - Harfangs : 6 - Inferno : 7.
19:11 of 3rd period - Petri Kontiola wins face-off versus Vladimir Sobotka in neutral zone.
19:28 of 3rd period - Off-side.
19:29 of 3rd period - Rick Tocchet call a timeout for Harfangs.
19:29 of 3rd period - Vladimir Sobotka wins face-off versus Petri Kontiola in neutral zone.
19:32 of 3rd period - Snap shot by Derek Peltier.
19:32 of 3rd period - Stopped by Jeremy Duchesne with a rebound.
19:42 of 3rd period - Wrist shot by David Ullstrom.
19:42 of 3rd period - Goal by David Ullstrom - Harfangs : 6 - Inferno : 8.
19:43 of 3rd period - Cal O'Reilly wins face-off versus Dennis Everberg in neutral zone.
19:54 of 3rd period - Slapshot by Beau Bennett.
19:54 of 3rd period - Deflect By Cal O'Reilly.
19:54 of 3rd period - Shot Misses the Net.
19:54 of 3rd period - Puck is out of play.
19:55 of 3rd period - Cal O'Reilly wins face-off versus Brandon Pirri in Harfangs zone.
Goals for this period are 4 for Harfangs vs 3 for Inferno.
Shots for this period are 20 for Harfangs vs 8 for Inferno.
Back to the Top